 Dungeon Crawl Stone Soup version 0.21-a0-404-g291f19a (webtiles) character file.

28 wilfster70 the Sneak (level 3, -1/31 HPs)
             Began as a Gnoll Wanderer on Oct 28, 2017.
             Was an Initiate of Ashenzari.
             Slain by a leopard gecko (2 damage)
             ... on level 3 of the Dungeon.
             The game lasted 00:05:44 (813 turns).

wilfster70 the Sneak (Gnoll Wanderer)                Turns: 813, Time: 00:05:44

Health: -1/31      AC:  3    Str: 15    XL:     3   Next: 12%
Magic:  3/3        EV: 13    Int: 14    God:    Ashenzari [......]
Gold:   52         SH:  0    Dex: 14    Spells: 3/3 levels left

rFire    x . .     SeeInvis .   a - +2 dagger (curse)
rCold    + . .     Gourm    .   (no shield)
rNeg     . . .     Faith    .   e - +0 robe
rPois    .         Spirit   .   (no helmet)
rElec    .         Reflect  .   u - +0 cloak (curse)
rCorr    .         Harm     .   (no gloves)
MR       .....                  (no boots)
Stlth    ++++......             (no amulet)
HPRegen  0.10/turn              g - ring of ice
MPRegen  0.08/turn              (no ring)

@: no status effects
A: distributed training, fangs 1, strong nose
a: Curse Item, Renounce Religion


You were on level 3 of the Dungeon.
You worshipped Ashenzari.
Ashenzari was noncommittal.
You were not hungry.

You visited 1 branch of the dungeon, and saw 3 of its levels.

You collected 52 gold pieces.

Inventory:

Hand Weapons
 a - a cursed +2 dagger (weapon)
 d - a +0 spear
Armour
 e - a +0 robe (worn)
 u - a cursed +0 cloak (worn)
Jewellery
 g - a ring of ice (left hand)
Scrolls
 b - a scroll of fear
 h - a scroll of amnesia {unknown}
 j - a scroll of magic mapping {unknown}
 n - a scroll of noise {unknown}
 p - a scroll of identify {unknown}
Potions
 c - a potion of curing
 i - 2 potions of might {unknown}
 k - a potion of agility {unknown}
 l - a potion of haste {unknown}
 o - a potion of brilliance {unknown}
 t - a potion of heal wounds {unknown}
Comestibles
 f - 2 bread rations
 m - a meat ration
 r - 2 royal jellies
 s - 4 chunks of flesh


   Skills:
 + Level 4.5 Fighting
 + Level 0.6 Short Blades
 + Level 0.6 Long Blades
 + Level 0.6 Axes
 + Level 0.6 Maces & Flails
 + Level 4.5 Polearms
 + Level 0.6 Staves
 + Level 0.6 Slings
 + Level 0.6 Bows
 + Level 0.6 Crossbows
 + Level 2.5 Throwing
 + Level 0.6 Armour
 + Level 2.5 Dodging
 + Level 7.7 Stealth
 + Level 0.6 Shields
 + Level 0.6 Unarmed Combat
 + Level 0.6 Spellcasting
 + Level 0.4 Conjurations
 + Level 0.4 Hexes
 + Level 0.4 Charms
 + Level 0.4 Summonings
 + Level 0.4 Necromancy
 + Level 0.4 Translocations
 + Level 0.4 Transmutations
 + Level 0.4 Fire Magic
 + Level 0.4 Ice Magic
 + Level 0.4 Air Magic
 + Level 0.4 Earth Magic
 + Level 0.4 Poison Magic
 + Level 0.8 Invocations
 + Level 0.6 Evocations


You had 3 spell levels left.
You didn't know any spells.

Dungeon Overview and Level Annotations

Branches:
Dungeon (3/15)

Altars:
Ashenzari


Innate Abilities, Weirdness & Mutations

Your experience applies equally to all skills.
You have very sharp teeth.
Your uncanny sense of smell can sniff out nearby items.


Message History

You hit the orc priest.
The orc priest is lightly wounded.
The orc priest hits you with a dagger. The leopard gecko closely misses you.
The goblin barely misses you.
A hobgoblin comes into view. It is wielding a club.
The hobgoblin shouts!
You hit the orc priest.
The orc priest is lightly wounded.
The orc hits you but does no damage.
The orc priest invokes the aid of Beogh against you.
Beogh smites you!
* * * LOW HITPOINT WARNING * * *
The leopard gecko bites you.
* * * LOW HITPOINT WARNING * * *
The goblin misses you.
You hit the orc priest.
You bite the orc priest, but do no damage.
The orc priest is lightly wounded.
The leopard gecko bites you.
You die...

#..... #.....
#.g.. ###....###
##### .........#
......
.........###......
o.........<.......
.......g..........
.......o@l........
.......o..........
..................
####..........####
#..........#
#..........#
#..........#
#........!.#
############


You could see an orc priest, an orc, a leopard gecko, a hobgoblin and a goblin.

Vanquished Creatures
  2 leopard geckos
  An orc (D:3)
  2 bats (D:1)
  2 giant cockroaches (D:1)
  3 goblins
  3 hobgoblins
  A quokka (D:2)
  A ball python (D:3)
  2 frilled lizards (D:1)
  2 kobolds (D:1)
  4 rats (D:1)
23 creatures vanquished.

Notes
Turn   | Place    | Note
-------+----------+-------------------------------------------
     0 | D:1      | wilfster70 the Gnoll Wanderer began the quest for the Orb.
     0 | D:1      | wilfster70 set off with: a +2 dagger, a scroll of fear, a potion of curing, a +0 spear, a +0 robe, a bread ration
     0 | D:1      | Reached XP level 1. HP: 20/20 MP: 1/1
   314 | D:1      | Reached XP level 2. HP: 26/26 MP: 2/2
   624 | D:2      | Found a shattered altar of Ashenzari.
   644 | D:2      | Became a worshipper of Ashenzari the Shackled
   744 | D:2      | Reached XP level 3. HP: 31/31 MP: 3/3
   812 | D:3      | HP: 1/31 [leopard gecko (3)]
   813 | D:3      | Slain by a leopard gecko

Vault maps used:
D:1:      saegor_arrival_simple_a, minmay_misc_feat_plants
D:2:      ashenzari_altar_1, makhleb_blood_cavern_becter, uniq_natasha
D:3:      wad_pebble_path, uniq_robin, uniq_terence

Action                   || total
-------------------------++-------
Melee: Dagger            ||    68
       Bite              ||     7
Invok: Curse Item        ||     2
 Stab: Sleeping          ||     6
Armor: Robe              ||    13
Dodge: Dodged            ||    59

Table legend:
 A = Spawn XP
 B = Non-spawn XP
 C = Spawn XP percentage of total XP
 D = Spawn monster count
 E = Non-spawn monster count
 F = Spawn count percentage of total count
 G = Total turns spent on level
                    A         B        C        D         E        F      G
               +---------+---------+-------+---------+---------+-------+---------
         Total |       0 |      40 |   0.0 |       0 |      23 |   0.0 |   813
               +---------+---------+-------+---------+---------+-------+---------
           D:1 |       0 |      27 |   0.0 |       0 |      17 |   0.0 |   621
           D:2 |       0 |       9 |   0.0 |       0 |       4 |   0.0 |   175
           D:3 |       0 |       4 |   0.0 |       0 |       2 |   0.0 |    17
               +---------+---------+-------+---------+---------+-------+---------
